 Dungeon Crawl Stone Soup version 0.21-a0-401-g0b6bec4 (webtiles) character file.

65 4thArraOfDagon the Ducker (level 3, 4/33 HPs)
             Began as a Deep Elf Abyssal Knight on Oct 25, 2017.
             Was a Follower of Lugonu.
             Quit the game on level 5 of the Dungeon.
             The game lasted 00:04:26 (789 turns).

4thArraOfDagon the Ducker (Deep Elf Abyssal Knight)  Turns: 789, Time: 00:04:27

Health: 4/33       AC: 21    Str:  9    XL:     3   Next: 94%
Magic:  6/6        EV:  2    Int: 17    God:    Lugonu [*.....]
Gold:   47         SH:  0    Dex: 14    Spells: 1/2 levels left

rFire    . . .     SeeInvis .   h - +0 dagger (venom)
rCold    . . .     Gourm    .   (no shield)
rNeg     + + +     Faith    .   (armour currently unavailable)
rPois    +         Spirit   .   (helmet currently unavailable)
rElec    .         Reflect  .   (cloak currently unavailable)
rCorr    .         Harm     .   (gloves currently unavailable)
MR       .....     NoTele   +   (boots currently unavailable)
Stlth    +.........             (no amulet)
HPRegen  0.11/turn              (no ring)
MPRegen  0.10/turn              (no ring)

@: tree-form
A: no striking features
a: Depart the Abyss, Renounce Religion


You were on level 5 of the Dungeon.
You worshipped Lugonu.
Lugonu was aware of your devotion.
You were not hungry.
You were a tree.
You visited 1 branch of the dungeon, and saw 5 of its levels.
You visited the Abyss 1 time.

You collected 47 gold pieces.

Inventory:

Hand Weapons
 h - a +0 dagger of venom (weapon)
 j - a +0 blowgun
Missiles
 k - 17 poisoned needles
 n - 7 exploding tomahawks (quivered)
Armour
 b - a +0 leather armour (melded)
 d - a +1 hat (melded)
Scrolls
 o - a scroll of immolation
Books
 l - a book of Cantrips

   Spells                             Type                      Level
   a - Confusing Touch                Hexes                        1
   b - Animate Skeleton               Necromancy                   1
   c - Summon Small Mammal            Summoning                    1
   d - Apportation                    Translocation                1
Comestibles
 c - 2 bread rations
 g - a royal jelly


   Skills:
 + Level 2.8 Fighting
 * Level 3.1 Short Blades
 + Level 1.4 Armour
 - Level 3.1 Dodging
 - Level 2.0 Invocations


You had one spell level left.
You knew the following spells:

 Your Spells              Type           Power        Failure   Level  Hunger
a - Apportation           Tloc           #.....       24%         1    ##.....


Dungeon Overview and Level Annotations

Branches:
Dungeon (5/15)
 Temple: D:4-7

Altars:
The Shining One

Annotations:
D:3 Grinder, Sigmund
D:4 Natasha


Message History

You hit the hornet zombie but do no damage.
The hornet zombie is lightly damaged.
The hornet zombie hits you.
* * * LOW HITPOINT WARNING * * *
You hit the hornet zombie but do no damage.
The hornet zombie is lightly damaged.
The hornet zombie hits you.
* * * LOW HITPOINT WARNING * * *
You hit the hornet zombie but do no damage.
The hornet zombie is lightly damaged.
The hornet zombie hits you but does no damage.
You barely miss the hornet zombie.
The hornet zombie is lightly damaged.
The hornet zombie hits you but does no damage.
You hit the hornet zombie but do no damage.
The hornet zombie is lightly damaged.
The hornet zombie hits you.
* * * LOW HITPOINT WARNING * * *
Unknown command.
Are you sure you want to abandon this character and quit the game? (Confirm with "yes".)

.# .# ##.#
#... #...
#..o########
#### #..))...#
#§§######
#.#####)#
#§Z......
#)#####.####♣#
#.........§§§#
#<......######
#..>....#
#.......#
........#
.........
.=.......#
##.#.#..##


You could see a hornet zombie.

Vanquished Creatures
  A worker ant (D:5)
  A dart slug (D:1)
  2 leopard geckos
  7 orcs (D:5)
  2 goblins (D:2)
  A hobgoblin (D:1)
  3 jackals (D:1)
  3 bats
  A frilled lizard (D:1)
  A goblin skeleton (D:4)
  2 hobgoblin zombies (D:4)
  A kobold (D:3)
  A kobold skeleton (D:4)
  A quokka zombie (D:5)
  4 rats (D:1)
31 creatures vanquished.

Notes
Turn   | Place    | Note
-------+----------+-------------------------------------------
     0 | Abyss:1  | 4thArraOfDagon the Deep Elf Abyssal Knight began the quest for the Orb.
     0 | Abyss:1  | Reached XP level 1. HP: 13/13 MP: 4/4
    17 | Abyss:1  | Noticed a quasit
    48 | Abyss:1  | Noticed a large abomination
    54 | D:1      | Escaped the Abyss
   210 | D:1      | Reached * piety under Lugonu
   210 | D:1      | Reached skill level 1 in Armour
   215 | D:1      | Reached XP level 2. HP: 14/18 MP: 5/5
   386 | D:2      | Learned a level 1 spell: Apportation
   489 | D:3      | Noticed Sigmund
   546 | D:3      | Noticed Grinder
   605 | D:4      | Found a glowing golden altar of the Shining One.
   605 | D:4      | Noticed a crimson imp
   660 | D:4      | Noticed Natasha
   687 | D:5      | Entered Level 5 of the Dungeon
   697 | D:5      | Reached XP level 3. HP: 12/22 MP: 6/6
   789 | D:5      | Quit the game

Vault maps used:
D:1:      nicolae_arrival_memento_mori, hex_medium
D:3:      grunt_temple_overflow_diamond, uniq_sigmund, uniq_grinder
D:4:      nicolae_tso_besieged_by_evil, st_stairs_1, uniq_natasha
D:5:      first_bread, uniq_menkaure, uniq_edmund, uniq_ijyb,
          uniq_prince_ribbit1

Skill      XL: |  1  2  3 |
---------------+----------+-----
Armour         | 1 |  1.4
Dodging        | 3 |  3.1
Short Blades   | 3 |  3.1
Fighting       | |  2.8
Invocations    | |  2.0

Action                   || total
-------------------------++-------
Melee: Short sword       ||    97
       Dagger            ||    18
Invok: Depart the Abyss  ||     1
  Use: Scroll            ||     5
       Potion            ||     3
 Stab: Sleeping          ||     1
Armor: Leather armour    ||    31
       Skin              ||     6
Dodge: Dodged            ||    74

Table legend:
 A = Spawn XP
 B = Non-spawn XP
 C = Spawn XP percentage of total XP
 D = Spawn monster count
 E = Non-spawn monster count
 F = Spawn count percentage of total count
 G = Total turns spent on level
                    A         B        C        D         E        F      G
               +---------+---------+-------+---------+---------+-------+---------
         Total |       0 |      94 |   0.0 |       0 |      31 |   0.0 |   789
               +---------+---------+-------+---------+---------+-------+---------
           D:1 |       0 |      23 |   0.0 |       0 |      13 |   0.0 |   266
           D:2 |       0 |       4 |   0.0 |       0 |       2 |   0.0 |   131
           D:3 |       0 |       2 |   0.0 |       0 |       2 |   0.0 |   105
           D:4 |       0 |       7 |   0.0 |       0 |       5 |   0.0 |   131
           D:5 |       0 |      58 |   0.0 |       0 |       9 |   0.0 |   102
               +---------+---------+-------+---------+---------+-------+---------
